 Dungeon Crawl Stone Soup version 0.29-a0-551-gffc1d7fb78 (webtiles) character file.

Game seed: 17690798839522961024

23 shadowstone the Skirmisher (level 3, -10/24 HPs)
             Began as a Gargoyle Fighter on June 5, 2022.
             Was a Follower of Sif Muna.
             Engulfed by a cloud of flame (18 damage)
             ... on level 1 of the Dungeon.
             The game lasted 00:04:26 (653 turns).

shadowstone the Skirmisher (Gargoyle Fighter)        Turns: 653, Time: 00:04:26

Health: -10/24     AC: 10    Str: 21    XL:     3   Next: 0%
Magic:  3/3        EV:  9    Int:  8    God:    Sif Muna [*.....]
Gold:   19         SH:  4    Dex:  9    Spells: 2/2 levels left

rFire   . . .      SeeInvis .   a - +0 trident
rCold   . . .      Faith    .   c - +0 buckler
rNeg    + . .      Spirit   .   b - +0 scale mail
rPois   ∞          Reflect  .   (no helmet)
rElec   +          Harm     .   (no cloak)
rCorr   .          Rampage  .   (no gloves)
Will    .....                   (no boots)
Stlth   ..........              (no amulet)
HPRegen 0.08/turn               (no ring)
MPRegen 0.08/turn               (no ring)

@: no status effects
A: sickness immunity, AC +3, negative energy resistance 1, electricity
resistance, torment resistance 1, petrification resistance
a: Renounce Religion, Channel Magic


You were on level 1 of the Dungeon.
You worshipped Sif Muna.
Sif Muna was aware of your devotion.
You visited 1 branch of the dungeon, and saw 1 of its levels.

You collected 19 gold pieces.

Inventory:

Hand Weapons
 a - a +0 trident (weapon)
 f - a +0 dagger
Armour
 b - a +0 scale mail (worn)
 c - a +0 buckler (worn)
Potions
 d - a potion of might
 e - 2 potions of mutation {unknown}


   Skills:
 + Level 3.8 Fighting
 + Level 2.0 Polearms
 + Level 3.6 Armour
 + Level 3.4 Shields


You had 2 spell levels left.
You didn't know any spells.
Your spell library was empty.

Dungeon Overview and Level Annotations

Branches:
Dungeon (1/15)

Altars:
Sif Muna

Shops:
D:1 (


Innate Abilities, Weirdness & Mutations

You are immune to sickness and miasma.
Your stone body is resilient. (AC +3)
You are immune to poison.
You resist negative energy. (rN+)
You are resistant to electric shocks. (rElec)
You are resistant to unholy torment.
You are immune to petrification.


Message History

Your experience leads to an increase in your attributes!
Increase (S)trength, (I)ntelligence, or (D)exterity?
You feel stronger. x2
Things that are here:
a +0 short sword; a kobold corpse
Found a cloak, a scroll labelled CAZAEG TETOCA, a gold wand and 15 gold pieces.
Really walk into a travel-excluded area? [Y]es or [N]o only, please.
Really walk into a travel-excluded area? [Y]es or [N]o only, please.
Really walk into a travel-excluded area? [Y]es or [N]o only, please.
Really walk into a travel-excluded area? [Y]es or [N]o only, please.
Really walk into a travel-excluded area? [Y]es or [N]o only, please.
Really walk into a travel-excluded area? [Y]es or [N]o only, please.
Really walk into a travel-excluded area?
Okay, then.
You open the door.
There is an open door here.
Found a stone staircase leading down.
Really walk into a travel-excluded area? [Y]es or [N]o only, please.
Really walk into a travel-excluded area? [Y]es or [N]o only, please.
Really walk into a travel-excluded area?
Really walk into that cloud of flame? [Y]es or [N]o only, please.
Really walk into that cloud of flame? [Y]es or [N]o only, please.
Really walk into that cloud of flame? [Y]es or [N]o only, please.
Really walk into that cloud of flame?
You are engulfed in blazing flames.
Ouch! That really hurt!
You are engulfed in blazing flames.
Ouch! That really hurt!
You die...

###########
######.........#
#.>........###.#
#.###..###.#...#
##...# #.#.#.# #...##
##...## ##..# #°☼§#
##.# #○@§# #.# #☼§○#
. #.#####...# #.
##'.○☼§..... #.#
##...§§○./$..§ #..
##....☼§§[?...§§ #.
.####....#####...####
#. .........# #§..#
####. .........#
.....


There were no monsters in sight!

Vanquished Creatures
  2 dart slugs (D:1)
  3 ball pythons (D:1)
  An endoplasm (D:1)
  A giant cockroach (D:1)
  3 goblins (D:1)
  3 quokkas (D:1)
  2 kobolds (D:1)
  2 rats (D:1)
17 creatures vanquished.

Notes
Turn   | Place    | Note
-------+----------+-------------------------------------------
     0 | D:1      | shadowstone the Gargoyle Fighter began the quest for the
                  | Orb.
     0 | D:1      | Reached XP level 1. HP: 14/14 MP: 1/1
   112 | D:1      | Reached XP level 2. HP: 18/19 MP: 2/2
   145 | D:1      | Found a faded altar of an unknown god.
   172 | D:1      | Prayed at the altar of an unknown god.
   172 | D:1      | Became a worshipper of Sif Muna the Loreminder
   172 | D:1      | Reached * piety under Sif Muna
   227 | D:1      | Found Jumass's Weapon Boutique.
   586 | D:1      | Reached XP level 3. HP: 24/24 MP: 3/3
   653 | D:1      | Engulfed by a cloud of flame

Illustrated notes

Levels and vault maps discovered:
D:1:      minmay_arrival_jagged, layout_loops_corners, serial_shops,
          nicolae_shop_behind_doors, shapermc_ecumenical_altar_starsandcircs,
          lemuel_flame_loot_1

Skill      XL: |  1  2 |
---------------+-------+-----
Polearms       | 2 |  2.0
Fighting       | |  3.8
Armour         | |  3.6
Shields        | |  3.4

Action                   || total
-------------------------++-------
Melee: Trident           ||    44
Armor: Scale mail        ||    33
Dodge: Dodged            ||    20
Block: Buckler           ||     9

Table legend: (Time is in decaauts)
 A = Elapsed time spent in this place.
 B = Non-inter-level travel time spent in this place.
 C = Inter-level travel time spent in this place.
 D = Time resting spent in this place.
 E = Time spent auto-exploring this place.
 F = Levels seen in this place.
 G = Mean time per level.
                   A        B        C        D        E       F      G
               +--------+--------+--------+--------+--------+-----+--------+
         Total |    668 |    655 |     13 |     65 |      0 |   1 |  668.0 |
       Dungeon |    668 |    655 |     13 |     65 |      0 |   1 |  668.0 |
               +--------+--------+--------+--------+--------+-----+--------+

Top non-repeatable levels by time:
     D:1: 668 daAuts
